 Dungeon Crawl Stone Soup version 0.32-a0-612-g1c984fe9d1 (webtiles) character file.

Game seed: 13585645123191893881

15164 croobank the Nimble (level 11, -1/60 HPs)
             Began as a Felid Fighter on Mar 4, 2024.
             Was a Priest of Fedhas.
             Succumbed to Erica's bolt of poison
             ... on level 10 of the Dungeon on Mar 5, 2024.
             The game lasted 01:34:21 (13050 turns).

croobank the Nimble (Felid Fighter)                Turns: 13050, Time: 01:34:21

Health: -1/60      AC:  6    Str: 14    XL:     11   Next: 98%
Magic:  10/18      EV: 25    Int: 13    God:    Fedhas [***...]
Gold:   705        SH:  5    Dex: 17    Spells: 14/18 levels left
                                        Lives:  0   Deaths: 3

rFire   . .          .
                       - Unarmed
rCold   . . .        (shield unavailable)
rNeg    . . .        (body armour unavailable)
rPois   .            (helmet unavailable)
rElec   .            (cloak unavailable)
rCorr   .            (gloves unavailable)
SInv    +            (boots unavailable)
Will    .....        g - amulet of reflection
Stlth   +++++        b - +4 ring of protection
HPRegen 0.30/turn    t - ring of wizardry
MPRegen 0.16/turn

%: reflection, wizardry (x1)
@: lethally poisoned (-1 -> -13), beast-form, weak-willed, jinxed
A: beast (slay +3), very small, claws 1, fangs 3, see invisible, shaggy fur 2,
stealthy paws, no weapons or thrown items, no armour, multi-lived
a: Begin Untransformation, Renounce Religion, Wall of Briars, Grow
Ballistomycete


You were on level 10 of the Dungeon.
You worshipped Fedhas.
Fedhas was most pleased with you.
You were a hulking beast.
You visited 3 branches of the dungeon, and saw 14 of its levels.

You collected 729 gold pieces.
You spent 24 gold pieces at shops.

Inventory:

Jewellery
 b - a +4 ring of protection (left paw)
 g - an amulet of reflection (around neck)
 t - a ring of wizardry (right paw)
 u - a +6 ring of intelligence
 w - a ring of wizardry
Talismans
 l - a beast talisman (active)
 q - a maw talisman
 v - a serpent talisman
Wands
 a - a wand of flame (6)
 n - a wand of polymorph (2)
 p - a wand of charming (9)
Scrolls
 c - 4 scrolls of vulnerability
 j - a scroll of torment
 r - 3 scrolls of revelation
 s - a scroll of identify
Potions
 e - 2 potions of enlightenment
 f - a potion of resistance
 h - 2 potions of attraction
 k - 2 potions of mutation
 o - a potion of brilliance
Miscellaneous
 d - a box of beasts


   Skills:
 + Level 8.7 Fighting
 + Level 11.2 Dodging
 + Level 10.8 Stealth
 + Level 9.0 Unarmed Combat
 * Level 4.1 Spellcasting
 * Level 2.2 Conjurations
 + Level 5.4 Hexes
 + Level 5.4 Invocations
 + Level 6.3 Shapeshifting


You had 14 spell levels left.
You knew the following spells:

 Your Spells              Type           Power      Damage    Failure   Level
a - Jinxbite              Hex            32%        N/A       1%          2
b - Searing Ray           Conj           16%        2d5       5%          2

Your spell library contained the following spells:

 Spells                   Type           Power      Damage    Failure   Level
 Magic Dart               Conj           32%        1d4       3%          1
 Sting                    Conj/Alch      20%        1d4       5%          1
 Apportation              Tloc           4%         N/A       9%          1
 Necrotise                Necr           8%         1d4       9%          1
 Summon Small Mammal      Summ           8%         N/A       9%          1
 Sublimation of Blood     Necr           2%         N/A       12%         2
 Fulminant Prism          Conj/Alch      2%         3d5       45%         4
 Petrify                  Alch/Erth      2%         N/A       58%         4
 Irradiate                Conj/Alch      2%         3d12      78%         5
 Alistair's Intoxication  Alch           1%         N/A       89%         5


Dungeon Overview and Level Annotations

Branches:
Dungeon (12/15)            Temple (1/1) D:7            Lair (1/5) D:9
    Orc (0/2) D:11

Altars:
Ashenzari
Cheibriados
Dithmenos
Elyvilon
Fedhas
Gozag
Hepliaklqana
Kikubaaqudgha
Makhleb
Nemelex Xobeh
Okawaru
Qazlal
Ru
Sif Muna
Trog
Uskayaw
Vehumet
Wu Jian
Xom
Yredelemnul
Zin
The Shining One

Shops:
D:4 *

Annotations:
D:5 1 runed translucent door, GreenGuy14's ghost, novice OnGl
D:8 1 runed translucent door, Vadun's ghost, novice TrWr
D:9 !two-headed ogre
D:10 exclusion: skeletal warrior, Erica
Lair:1 1 runed translucent door, SageDae's ghost, journeyman CoGl


Innate Abilities, Weirdness & Mutations

You are a hulking beast.
Your limbs bulge with bestial killing power. (Slay +3)
You have sharp claws.
You have razor-sharp teeth.
You have supernaturally acute eyesight. (SInv)
You are covered in thick fur. (AC +2)
Your paws help you pounce on unaware monsters.
You are incapable of wielding weapons or throwing items.
You cannot wear armour.
You gain extra lives every three experience levels.


Message History

Okay, then.
Aiming: Grow Ballistomycete (21% risk of failure)
Press: ? - help, Dir - move target A ballistomycete grows from the ground.
Erica casts a spell at you. The bolt of poison hits you!
You are poisoned.
Okay, then.
Okay, then.
Aiming: Polymorph
Press: ? - help, Shift-Dir - straight line, f - Erica
Aim: Erica, wielding a +4 scimitar of flaming and wearing an amulet of reflection (ally target, reflecting blocked projectiles, chance to call a sprite on attack: 32%, will become a manticore, a sun moth, or an acid dragon, chance to affect: 31%)
Okay, then.
A briar patch grows up from the ground. x6
You feel extremely sick. Erica casts a spell at you.
You resist with significant effort.
A ballistomycete spore comes into view.
You walk carefully through the plants.
You feel extremely sick. Erica attacks as she pursues you! Erica misses you.
Erica closely misses you.
Erica hits you with a +4 scimitar of flaming!
* * * LOW HITPOINT WARNING * * *
Erica burns you.
* * * LOW HITPOINT WARNING * * *
Erica completely misses you.
* * * LOW HITPOINT WARNING * * *
You feel very sick.
Your ballistomycete spore explodes!
Erica appears confused.
The explosion of spores engulfs Erica!
Erica is moderately wounded.
Fedhas protects your plant from harm. x4
Erica hits your ballistomycete spore with a +4 scimitar of flaming!
Erica burns your ballistomycete spore.
Your ballistomycete spore explodes!
Erica appears confused.
The explosion of spores engulfs Erica.
Erica is moderately wounded.
Fedhas protects your plant from harm. x4
You die...
Fedhas appreciates your contribution to the ecosystem.

.(.+...###.# #...<.....# #.....
...#..## #.# #......#### ######
...#.## #.# ###.##### #
'######..#.# #...# # [..#
#...+.###'#########
..###....#.#.(.........# .###..z.
#.#........[..# ##### ###....
#..PPP........######.... # ....
#.#.xP.h......'....#...>
####'#####..PPP........####.#....
...........#...........# #.'....
......#...############## ###....
###'####### #.... #.## ##### #..#
####'#### ## ........# #.


You could see Erica (confused, ally target, reflecting) and a friendly
ballistomycete (summoned).

Vanquished Creatures
  A hydra (Lair:1)
  2 two-headed ogres
  Urug (D:10)
  A cyclops (D:11)
  Joseph (D:7)
  A black mamba (Lair:1)
  3 cane toads (Lair:1)
  An unseen horror (D:11)
  2 trolls (D:10)
  2 hornets
  5 blink frogs
  3 slime creatures (D:10)
  3 wraiths (D:10)
  2 wyverns
  6 yaks
  2 basilisks
  A vampire mosquito (D:10)
  5 steam dragons
  Menkaure (D:7)
  An acid dragon (D:10)
  3 water moccasins (Lair:1)
  2 black bears
  3 ice beasts
  5 orc warriors
  3 ogres
  4 centaurs
  3 wolves (Lair:1)
  4 kobold brigands
  A gnoll sergeant (D:7)
  6 bullfrogs
  2 scorpions
  A burial acolyte (D:7)
  9 wights
  A howler monkey (D:8)
  A crimson imp (D:7)
  5 hounds
  A gnoll bouda (D:10)
  2 orc priests
  2 jellies
  Natasha (thrice) (D:4)
  9 orc wizards
  9 gnolls
  7 adders
  3 shadow imps (D:4)
  3 white imps
  An ufetubus (D:4)
  2 adder zombies (D:7)
  A dart slug (D:3)
  2 ribbon worms
  47 orcs
  6 ball pythons
  4 bats
  11 endoplasms
  2 giant cockroaches
  8 goblins
  4 hobgoblins
  4 jackals (D:1)
  16 kobolds
  4 quokkas
  A frilled lizard (D:1)
  10 rats
  A ballistomycete spore (D:10)
260 creatures vanquished.

Vanquished Creatures (collateral kills)
  A black mamba (Lair:1)
  3 wraiths (D:10)
  A ballistomycete spore (D:10)
5 creatures vanquished.

Vanquished Creatures (others)
  Josephine (D:10)
1 creature vanquished.

Grand Total: 266 creatures vanquished

Notes
Turn   | Place    | Note
-------+----------+-------------------------------------------
     0 | D:1      | croobank the Felid Fighter began the quest for the Orb.
     0 | D:1      | Reached XP level 1. HP: 12/12 MP: 2/2
   116 | D:1      | Reached XP level 2. HP: 13/16 MP: 3/3
   475 | D:1      | Reached XP level 3. HP: 12/20 MP: 4/4
  1143 | D:2      | Reached XP level 4. HP: 25/25 MP: 5/5
  1143 | D:2      | Gained a life (2 lives remaining)
  1468 | D:3      | Reached skill level 1 in Stealth
  1470 | D:3      | Reached skill level 5 in Dodging
  1544 | D:3      | Found a hide-covered altar of Uskayaw.
  1624 | D:3      | Found a glowing silver altar of Zin.
  1913 | D:3      | Found a sparkling altar of Nemelex Xobeh.
  1949 | D:3      | Identified the +1 mace of Untimely Demise {drain, Str+4}
  2118 | D:3      | Noticed a moth of wrath
  2120 | D:3      | Found a bloodstained altar of Trog.
  2615 | D:4      | Reached XP level 5. HP: 10/29 MP: 6/6
  2760 | D:4      | Reached skill level 1 in Shapeshifting
  2761 | D:4      | Noticed Natasha
  2774 | D:4      | Killed Natasha
  3050 | D:4      | Found Liryolan's General Store.
  3213 | D:4      | Reached skill level 5 in Unarmed Combat
  3213 | D:4      | Gained mutation: You are covered in thick fur. (AC +2)
                  | [Felid growth]
  3213 | D:4      | Reached XP level 6. HP: 33/33 MP: 7/7
  3441 | D:4      | Noticed Natasha
  3451 | D:4      | Killed Natasha
  3624 | D:4      | Bought a scroll of identify for 24 gold pieces
  3689 | D:4      | Noticed Natasha
  3695 | D:4      | Killed Natasha
  3897 | D:5      | Entered Level 5 of the Dungeon
  3959 | D:5      | Reached skill level 6 in Dodging
  3999 | D:5      | Reached XP level 7. HP: 27/38 MP: 8/8
  4116 | D:5      | Reached skill level 5 in Fighting
  4481 | D:5      | Reached skill level 5 in Stealth
  4491 | D:5      | Reached XP level 8. HP: 27/43 MP: 9/9
  4574 | D:5      | Noticed GreenGuy14's ghost (novice OnGl)
  4575 | D:5      | Found a runed translucent door.
  4755 | D:5      | Reached skill level 7 in Dodging
  4960 | D:6      | Found a sacrificial altar of Ru.
  5172 | D:6      | Found a radiant altar of Vehumet.
  5264 | D:6      | Found an iron altar of Okawaru.
  5531 | D:6      | Found a white marble altar of Elyvilon.
  6114 | D:7      | Noticed Joseph
  6127 | D:7      | Killed Joseph
  6128 | D:7      | Reached skill level 8 in Dodging
  6128 | D:7      | Reached XP level 9. HP: 44/48 MP: 10/10
  6144 | D:7      | Found an ornate altar of the Wu Jian Council.
  6245 | D:7      | Found a staircase to the Ecumenical Temple.
  6260 | D:7      | Found a shimmering altar of Xom.
  6261 | D:7      | Found a burning altar of Makhleb.
  6280 | Temple   | Entered the Ecumenical Temple
  6304 | Temple   | Became a worshipper of Fedhas Madash
  6660 | D:7      | Found a broken altar of Ashenzari.
  6667 | D:7      | Reached skill level 1 in Invocations
  6843 | D:7      | Found an ancient bone altar of Kikubaaqudgha.
  6985 | D:7      | Noticed Menkaure
  6998 | D:7      | Killed Menkaure
  7108 | D:7      | Reached * piety under Fedhas
  7109 | D:7      | Reached skill level 9 in Dodging
  7415 | D:8      | You fall into a shaft and drop 3 floors!
  7435 | D:11     | Noticed an unseen horror
  7439 | D:11     | Killed an unseen horror
  7446 | D:11     | Noticed a two-headed ogre
  7451 | D:11     | Found a staircase to the Orcish Mines.
  7451 | D:11     | Noticed an orc knight
  7452 | D:11     | Noticed a cyclops
  7467 | D:11     | Noticed a cyclops
  7468 | D:11     | Killed a cyclops
  7469 | D:11     | Reached XP level 10. HP: 55/55 MP: 13/13
  7789 | D:12     | Noticed a cyclops
  7843 | D:12     | Noticed a manticore
  8654 | D:10     | Entered Level 10 of the Dungeon
  8674 | D:9      | Reached skill level 5 in Shapeshifting
  9174 | D:8      | Found a runed translucent door.
  9296 | D:8      | Noticed Vadun's ghost (novice TrWr)
  9621 | D:9      | Found a staircase to the Lair.
  9681 | D:9      | Reached ** piety under Fedhas
  9820 | D:9      | Noticed a two-headed ogre
  9830 | D:9      | Slain by a two-headed ogre
  9830 | D:9      | Lost a life (1 life remaining)
 10063 | Lair:1   | Entered Level 1 of the Lair of Beasts
 10085 | D:9      | Paralysed by a hornet for 3 turns
 10246 | D:9      | Reached skill level 10 in Dodging
 10616 | Lair:1   | Learned a level 2 spell: Jinxbite
 10695 | Lair:1   | Reached skill level 1 in Hexes
 10722 | Lair:1   | Noticed a black mamba
 10728 | Lair:1   | Killed a black mamba
 10729 | Lair:1   | Reached skill level 1 in Spellcasting
 10747 | Lair:1   | Noticed a cane toad
 10757 | Lair:1   | Found a runed translucent door.
 10762 | Lair:1   | Noticed SageDae's ghost (journeyman CoGl)
 10763 | Lair:1   | Noticed a spriggan rider
 10764 | Lair:1   | Identified the +8 trident of Modesty {distort, *Noise MP+9
                  | Dex+8 Stlth+}
 10778 | Lair:1   | Noticed a five-headed hydra
 10781 | Lair:1   | Killed a cane toad
 10807 | Lair:1   | Killed a five-headed hydra
 10808 | Lair:1   | Reached skill level 10 in Stealth
 10808 | Lair:1   | Reached XP level 11. HP: 16/60 MP: 15/15
 10808 | Lair:1   | Gained a life (2 lives remaining)
 11259 | Lair:1   | Mangled by a cane toad
 11259 | Lair:1   | Lost a life (1 life remaining)
 11429 | D:9      | Killed a two-headed ogre
 11568 | D:9      | Noticed a two-headed ogre
 11569 | D:9      | Found an opulent altar of Gozag.
 11715 | D:10     | Reached skill level 5 in Invocations
 11739 | D:10     | Noticed Erica
 11751 | D:10     | Killed from afar by Erica
 11751 | D:10     | Lost a life (0 lives remaining)
 11763 | D:10     | Found a stormy altar of Qazlal.
 12106 | D:10     | Learned a level 2 spell: Searing Ray
 12148 | D:10     | Noticed Josephine
 12179 | D:10     | Your ally Josephine died
 12180 | D:10     | Reached skill level 11 in Dodging
 12180 | D:10     | Reached skill level 1 in Conjurations
 12180 | D:10     | Reached skill level 5 in Hexes
 12197 | D:10     | Reached *** piety under Fedhas
 12505 | D:10     | Noticed a skeletal warrior
 12532 | D:10     | Noticed a two-headed ogre
 12536 | D:10     | Killed a two-headed ogre
 12551 | D:10     | Noticed Urug
 12558 | D:10     | Killed Urug
 13049 | D:10     | HP: 1/60 [poisoned by Erica (bolt of poison)]
 13050 | D:10     | Succumbed to Erica's bolt of poison

Illustrated notes

Levels and vault maps discovered:
D:1:      mrwooster_arrival_statue, layout_loops_ring, minmay_misc_feat_encased,
          kennysheep_nondescript
D:2:      layout_loops_cross
D:3:      layout_loops_ring, lemuel_tele_altar, nemelex_diamond_rough_becter,
          eat_drink_and_be_merry_uskayaw, tgw_trog
D:4:      nicolae_cairo_tiling_very_big, layout_cave_pods, serial_demonic,
          serial_demonic_c, serial_demonic_d, serial_demonic_a,
          serial_demonic_e, serial_shops, nicolae_inconvenience_store,
          uniq_natasha
D:5:      layout_loops_ring, hellmonk_ghost_happy_afterlife
D:6:      layout_rooms, okawaru_gym_becter, nicolae_ru_path_of_blood,
          marbit_many_paths, kennysheep_mini_moat, serial_corexii_hall,
          chequers_hall_statues_y, corexii_hall_statues_x,
          corexii_hall_statues_l
D:7:      layout_basic, grunt_temple_overflow_champion_of_chaos,
          nicolae_ashenzari_skybound, nzn_wu_jian_council_hall,
          lemuel_zombie_altar_kikubaaqudgha, minmay_temple_entry_sparse_star,
          uniq_menkaure, uniq_joseph
D:8:      layout_gridville, hellmonk_ghost_big_iron
D:9:      layout_loops_cross, grunt_gozag_statues, lair_entry_dummy,
          kennysheep_small_circle
D:10:     layout_roguey, lemuel_crystal_altar, minmay_quadrilaterals, uniq_urug,
          uniq_erica, uniq_josephine
D:11:     layout_rooms, orc_david_3
D:12:     layout_roguey, portal_ice_cave_demonic_guard,
          serial_library_hellmonk_junction
Temple:   hellmonk_temple_of_storms
Lair:1:   layout_misc_corridors, ebering_ghost_funeral_grove

Skill      XL: |  1  2  3  4  5  6  7  8  9 10 11 |
---------------+----------------------------------+-----
Stealth        | 1 2 4 5 6 8 10 | 10.8
Dodging        | 5 6 8 9 10 11 | 11.2
Fighting       | 4 5 6 7 8 |  8.7
Shapeshifting  | 1 2 3 4 5 6 |  6.3
Unarmed Combat | 5 6 7 8 9 |  9.0
Invocations    | 2 4 5 |  5.4
Hexes          | 2 5 |  5.4
Spellcasting   | 1 4 |  4.1
Conjurations   | 2 |  2.2

Action                     |  1- 3 |  4- 6 |  7- 9 | 10-12 || total
---------------------------+-------+-------+-------+-------++-------
  Melee: Unarmed           |    94 |   202 |   223 |   337 ||   856
         Punch             |     3 |     3 |    14 |    18 ||    38
         Bite              |     3 |    19 |    36 |    40 ||    98
   Cast: Jinxbite          |       |       |       |    21 ||    21
 Invoke: Wall of Briars    |       |       |       |     4 ||     4
         Grow Ballistomyce |       |       |       |     1 ||     1
  Evoke: Wand              |       |       |    11 |     8 ||    19
    Use: Scroll            |       |    12 |     7 |    15 ||    34
         Potion            |       |       |     4 |    11 ||    15
   Stab: Sleeping          |     5 |     4 |    13 |    20 ||    42
         Distracted        |       |       |     1 |     1 ||     2
 Armour: Skin              |    17 |    54 |    42 |   163 ||   276
  Dodge: Dodged            |    64 |   136 |   112 |   350 ||   662
  Block: Other             |    11 |    37 |    37 |    80 ||   165
         Reflection        |     1 |     2 |     3 |     3 ||     9
   Form: Beast             |       |     1 |       |       ||     1

Table legend: (Time is in decaauts)
 A = Elapsed time spent in this place.
 B = Non-inter-level travel time spent in this place.
 C = Inter-level travel time spent in this place.
 D = Time resting spent in this place.
 E = Time spent auto-exploring this place.
 F = Levels seen in this place.
 G = Mean time per level.
                   A        B        C        D        E       F      G
               +--------+--------+--------+--------+--------+-----+--------+
         Total |  12941 |  12494 |    447 |   3873 |   5130 |  14 |  924.4 |
       Dungeon |  12079 |  11653 |    426 |   3520 |   4992 |  12 | 1006.6 |
        Temple |     45 |     24 |     21 |      0 |      0 |   1 |   45.0 |
          Lair |    816 |    816 |      0 |    352 |    138 |   1 |  816.0 |
               +--------+--------+--------+--------+--------+-----+--------+

Top non-repeatable levels by time:
     D:4: 1723 daAuts
    D:10: 1443 daAuts
     D:9: 1414 daAuts
     D:5: 1139 daAuts
    D:12: 1102 daAuts
     D:7: 1031 daAuts
     D:8: 993 daAuts
     D:6: 870 daAuts
     D:3: 824 daAuts
  Lair:1: 816 daAuts
     D:1: 757 daAuts
     D:2: 659 daAuts
    D:11: 118 daAuts
  Temple: 45 daAuts
